cohdb
Replays
Latest Replays
All Replays
Popular Replays
Top Player Replays
Match Explorer
How It Works
Community
CoH3 Stats
Reddit
Sign in to upload your games and track your stats! →
Sign in with Steam
Match 42919151
Unlisted
Match 42919151
Overview
Messages
Build Orders
End
Panzergrenadier Squad
Kradschützen Motorcycle Team
Panzergrenadier Squad
Construct Light Support Kompanie
Selects Panzerjäger Kommand Battlegroup
Selects Panzerjäger Kommand Battlegroup
Selects Tank Busters
Fire Support Elements
Assault Grenadier Squad
Vehicle Survival Package
Flakvierling Half-track
Panzerjäger Mechanized Group
Selects Mine Fields
MG34 Team
2.5-tonne Medical Truck
Selects Defensive Positions
Selects Butterfly Bomb Drop
Butterfly Bomb Drop
Construct Panzerarmee Kommand
Panzer III L Medium Tank
Emergency Repair Kits
Butterfly Bomb Drop
Rapid Advance
Panzer III L Medium Tank
Butterfly Bomb Drop
crack
12345+5
0
0
Comments
sign in to comment!
No comments posted yet!